 Dungeon Crawl Stone Soup version 0.23.2-1-ga50397a (webtiles) character file.

Game seed: 7757115592810190139

102 diana the Skirmisher (level 4, -3/38 HPs)
             Began as a Demigod Fighter on May 30, 2019.
             Killed from afar by an orc wizard (10 damage)
             ... with a puff of flame
             ... on level 3 of the Dungeon.
             The game lasted 00:02:55 (1651 turns).

diana the Skirmisher (Demigod Fighter)              Turns: 1651, Time: 00:02:57

Health: -3/38      AC:  6    Str: 21    XL:     4   Next: 26%
Magic:  6/6        EV:  8    Int: 12    God:
Gold:   164        SH:  9    Dex: 15    Spells: 3/3 levels left

rFire    . . .     SeeInvis .   a - +0 long sword
rCold    . . .     Gourm    .   c - +0 shield
rNeg     . . .     Faith    .   b - +0 scale mail
rPois    .         Spirit   .   (no helmet)
rElec    .         Reflect  .   n - scarf {cloud immunity}
rCorr    .         Harm     .   (no gloves)
MR       .....                  (no boots)
Stlth    ..........             (no amulet)
HPRegen  0.12/turn              (no ring)
MPRegen  0.10/turn              (no ring)

@: no status effects
A: high mp 1
a: no special abilities


You were on level 3 of the Dungeon.
You were not hungry.

You visited 1 branch of the dungeon, and saw 3 of its levels.

You collected 164 gold pieces.

Inventory:

Hand Weapons
 a - a +0 long sword (weapon)
Armour
 b - a +0 scale mail (worn)
 c - a +0 shield (worn)
 n - a scarf of cloud immunity (worn)
Scrolls
 e - a scroll of magic mapping {unknown}
 g - a scroll of immolation {unknown}
 h - 6 scrolls of identify {unknown}
 i - a scroll of remove curse {unknown}
 l - a scroll of noise {unknown}
 m - a scroll of blinking {unknown}
 o - a scroll of fear {unknown}
Potions
 d - 2 potions of might
 j - a potion of ambrosia {unknown}
 k - 2 potions of invisibility {unknown}
 p - a potion of agility {unknown}
Comestibles
 f - 5 rations


   Skills:
 + Level 3.3 Fighting
 + Level 2.4 Long Blades
 + Level 3.1 Armour
 + Level 1.4 Dodging
 + Level 3.2 Shields


You had 3 spell levels left.
You didn't know any spells.
Your spell library was empty.

Dungeon Overview and Level Annotations

Branches:
Dungeon (3/15)


Innate Abilities, Weirdness & Mutations

You have an increased reservoir of magic. (+10% MP)


Message History

The orc wizard is moderately wounded.
The orc wizard completely misses you.
The orc wizard hits you but does no damage.
Your shield prevents you from hitting the orc wizard.
The orc wizard is moderately wounded.
The orc wizard barely misses you.
Your shield and scale mail prevent you from hitting the orc wizard.
The orc wizard is moderately wounded.
You feel sick. The orc wizard closely misses you.
You hit the orc wizard.
The orc wizard is heavily wounded.
You block the orc wizard's attack.
The orc wizard hits you but does no damage.
You slash the orc wizard!
The orc wizard is almost dead.
You feel sick.
You are no longer poisoned.
The orc wizard casts a spell at you. The puff of flame hits you!
You die...

#.##.# #.# ### .#
#.# #..... #.#
#..#.# #.# #..#.#
# ..#
##########..#.# .#
###
#.....(.##..#.#%.#
#
#.#####.##.......#
# #.# #(##.o@...#
#####.#
#)())...###
......# #.#######
#####.# #.# #...
..# ##>###.## .#
#. .. .. #####


You could see an orc wizard.

Vanquished Creatures
  3 adders
  A worm (D:3)
  3 dart slugs (D:2)
  A leopard gecko (D:1)
  4 orcs (D:3)
  A giant cockroach (D:1)
  7 hobgoblins (D:1)
  9 jackals (D:2)
  5 bats
  8 frilled lizards
  11 goblins
  A kobold (D:1)
  6 rats
60 creatures vanquished.

Notes
Turn   | Place    | Note
-------+----------+-------------------------------------------
     0 | D:1      | diana the Demigod Fighter began the quest for the Orb.
     0 | D:1      | Reached XP level 1. HP: 18/18 MP: 3/3
   284 | D:1      | Found a roughly hewn altar of Beogh.
   284 | D:1      | Noticed an orc wizard
   284 | D:1      | Noticed an orc warrior
   346 | D:1      | Reached XP level 2. HP: 25/25 MP: 4/4
   798 | D:2      | Reached skill level 1 in Dodging
   798 | D:2      | Reached XP level 3. HP: 14/31 MP: 5/5
  1026 | D:2      | Found a faded altar of an unknown god.
  1282 | D:2      | Found a snail-covered altar of Cheibriados.
  1407 | D:2      | Reached XP level 4. HP: 38/38 MP: 6/6
  1651 | D:3      | Killed from afar by an orc wizard

Skill      XL: |  1  2 |
---------------+-------+-----
Long Blades    | 2 |  2.4
Fighting       | 3 |  3.3
Armour         | 3 |  3.1
Dodging        | 1 |  1.4
Shields        | 3 |  3.2

Action                   |  1- 3 |  4- 6 || total
-------------------------+-------+-------++-------
Melee: Long sword        |   151 |    35 ||   186
  Eat: Chunk             |     1 |     2 ||     3
Armor: Scale mail        |   111 |    16 ||   127
Dodge: Dodged            |    89 |    14 ||   103
Block: Shield            |   142 |    16 ||   158
       Rpst.: Long sword |    26 |     8 ||    34
